 Dungeon Crawl Stone Soup version 0.28.0-43-g3370ac3207 (webtiles) character file.

Game seed: 15100548471087720259

280 croobank the Skirmisher (level 6, 0/56 HPs)
             Began as a Hill Orc Fighter on Mar 29, 2022.
             Killed from afar by Sigmund (5 damage)
             ... with a magic dart
             ... on level 4 of the Dungeon.
             The game lasted 00:07:48 (3397 turns).

croobank the Skirmisher (Hill Orc Fighter)          Turns: 3397, Time: 00:07:49

Health: 0/56       AC:  8    Str: 21    XL:     6   Next: 27%
Magic:  6/6        EV: 17    Int: 10    God:
Gold:   92         SH:  0    Dex: 10    Spells: 5/5 levels left

rFire   + + .      SeeInvis .   (weapon currently unavailable)
rCold   + + .      Faith    .   (shield currently unavailable)
rNeg    + + +      Spirit   .   (armour currently unavailable)
rPois   ∞          Reflect  .   (helmet currently unavailable)
rElec   +          Harm     .   (cloak currently unavailable)
rCorr   +          Rampage  .   (gloves currently unavailable)
Will    .....      Clarity  +   (boots currently unavailable)
Stlth   +.........              (amulet currently unavailable)
HPRegen 0.18/turn               (ring currently unavailable)
MPRegen 0.10/turn               (ring currently unavailable)

@: wisp-form (expiring), flying
A: insubstantial, flying, no casting, tiny, (antennae 1), clarity, clever 1
a: no special abilities


You were on level 4 of the Dungeon.
You were an insubstantial wisp.
You visited 1 branch of the dungeon, and saw 4 of its levels.

You collected 92 gold pieces.

Inventory:

Hand Weapons
 a - the +4 mace "Jiatholoc" (melded) {vorpal, Str+4}
   (You found it on level 2 of the Dungeon)

   It inflicts extra damage upon your enemies.
   Str:       It affects your strength (+4).
 d - a +3 quarterstaff of chaos
 n - a +0 war axe
 u - a +2 whip of electrocution
 y - the +6 mace "Touc" {venom, rCorr}
   (You found it on level 3 of the Dungeon)

   It poisons the flesh of those it strikes.
   rCorr:     It protects you from acid and corrosion.
Missiles
 e - 119 stones (quivered)
 f - 17 arrows
 h - 28 bolts
 k - a throwing net
 m - 5 silver javelins
Armour
 b - a +0 scale mail (melded)
 c - a +0 buckler (melded)
 j - a +0 helmet (melded)
 v - a +0 ring mail
 x - a +0 cloak (melded)
 z - a +0 chain mail
Jewellery
 i - a ring of resist corrosion (melded)
Scrolls
 l - a scroll of magic mapping {unknown}
 o - a scroll of identify {unknown}
 p - a scroll of acquirement {unknown}
 q - a scroll of vulnerability {unknown}
 s - a scroll of holy word {unknown}
 w - a scroll of teleportation {unknown}
Potions
 r - a potion of haste {unknown}
 t - a potion of invisibility {unknown}
 A - a potion of degeneration {unknown}
 B - a potion of flight {unknown}


   Skills:
 + Level 5.1 Fighting
 - Level 3.8(4.2) Axes
 + Level 1.9(2.8) Maces & Flails
 + Level 4.7 Armour
 + Level 4.6 Shields


You had 5 spell levels left.
You didn't know any spells.
Your spell library contained the following spells:

 Spells                   Type           Power      Damage    Failure   Level
 Stone Arrow              Conj/Erth      0%         3d7       75%         3
 Animate Armour           Summ/Erth      0%         N/A       98%         4
 Lehudib's Crystal Spear  Conj/Erth      0%         10d2      100%        8


Dungeon Overview and Level Annotations

Branches:
Dungeon (4/15)
 Temple: D:4-7

Altars:

Annotations:
D:4 Sigmund


Innate Abilities, Weirdness & Mutations

You are an insubstantial wisp.
Your tiny insubstantial body is highly resistant to most damage types.
You are flying.
Your equipment is entirely melded.
You are incapable of wielding weapons or throwing items.
You cannot cast spells.
((You have a pair of small antennae on your head.))
You possess an exceptional clarity of mind.
Your mind is acute. (Int +2)


Message History

Your +0 scale mail melds into your body.
Your ring of resist corrosion melds into your body.
You touch something but do no damage.
Something hits you but does no damage.
You closely miss something.
Unknown command.
You touch something.
Something barely misses you.
You barely miss something. You barely miss something. Something hits you.
* * * LOW HITPOINT WARNING * * *
You closely miss something. Something barely misses you.
You touch something.
You touch something.
You hear some strange, mumbled words.
Something tries to affect you, but you resist.
You closely miss something.
You hear some strange, mumbled words.
A puff of flame appears from out of thin air!
The puff of flame hits you. You resist.
* * * LOW HITPOINT WARNING * * *
You touch something.
You hear some strange, mumbled words.
A puff of flame appears from out of thin air!
The puff of flame hits you. You resist.
* * * LOW HITPOINT WARNING * * *
You touch something.
Something hits you!
* * * LOW HITPOINT WARNING * * *
It was a potion of mutation.
You feel extremely strange.
Your thoughts seem clearer.
A pair of antennae grows on your head!
You feel clever.
Your transformation is almost over.
Sigmund appears from thin air!
Reactivating autopickup.
Okay, then.
Okay, then.
Okay, then.
You touch Sigmund but do no damage.
Sigmund is almost dead.
Sigmund gestures at you while chanting. The magic dart hits you.
You die...

#.#
###.###.##.....###
#.. ...#
#.######## ###
##### #.#
########.#
#........#
#.#####..#
.<.......#
..#####..#####
#.....v@...#
....###..###.# ..
#...# ......
##...#.. ##.#####
#.# #.#


You could see Sigmund.

Vanquished Creatures
  A water moccasin skeleton (D:4)
  A jelly (D:4)
  Crazy Yiuf (D:3)
  An orc wizard (D:3)
  7 gnolls (D:2)
  2 worms (D:3)
  4 dart slugs
  4 orcs (D:3)
  3 endoplasms
  5 giant cockroaches
  3 goblins
  6 hobgoblins
  2 jackals (D:1)
  5 kobolds
  3 quokkas
  3 ball pythons
  7 bats
  A frilled lizard (D:2)
  5 rats
64 creatures vanquished.

Notes
Turn   | Place    | Note
-------+----------+-------------------------------------------
     0 | D:1      | croobank the Hill Orc Fighter began the quest for the Orb.
     0 | D:1      | Reached XP level 1. HP: 19/19 MP: 1/1
   209 | D:1      | Reached XP level 2. HP: 24/27 MP: 2/2
   953 | D:2      | Reached skill level 4 in Fighting
  1124 | D:2      | Reached XP level 3. HP: 25/33 MP: 3/3
  1241 | D:2      | Reached XP level 4. HP: 33/40 MP: 4/4
  1980 | D:2      | Identified the +4 mace "Jiatholoc" {vorpal, Str+4}
  2315 | D:3      | Reached XP level 5. HP: 40/47 MP: 5/5
  2560 | D:3      | Reached skill level 1 in Maces & Flails
  2866 | D:3      | Found a runed translucent door.
  2868 | D:3      | Noticed Crazy Yiuf
  2873 | D:3      | Killed Crazy Yiuf
  2883 | D:3      | Identified the +6 mace "Touc" {venom, rCorr}
  3212 | D:4      | Reached skill level 5 in Fighting
  3212 | D:4      | Reached XP level 6. HP: 55/56 MP: 6/6
  3369 | D:4      | Noticed Sigmund
  3396 | D:4      | Gained mutation: You possess an exceptional clarity of
                  | mind. [potion of mutation]
  3396 | D:4      | Gained mutation: You have a pair of small antennae on your
                  | head. [potion of mutation]
  3396 | D:4      | Gained mutation: Your mind is acute. (Int +2) [potion of
                  | mutation]
  3397 | D:4      | Killed from afar by Sigmund

Illustrated notes

Levels and vault maps discovered:
D:1:      dpeg_arrival_castle, layout_loops_ring, minivault_14
D:2:      layout_loops_ring
D:3:      layout_loops_ring, uniq_crazy_yiuf_cottage
D:4:      layout_loops_corners, uniq_ijyb, uniq_grinder, uniq_duvessa,
          uniq_sigmund

Skill      XL: |  1  2  3  4  5 |
---------------+----------------+-----
Axes           | 3 |  3.8
Fighting       | 4 5 |  5.1
Armour         | 4 |  4.7
Shields        | 4 |  4.6
Maces & Flails | 1 |  1.9

Action                   |  1- 3 |  4- 6 || total
-------------------------+-------+-------++-------
Melee: War axe           |    67 |    27 ||    94
       Mace              |       |    79 ||    79
       Unarmed           |       |    12 ||    12
  Use: Potion            |       |     2 ||     2
Armor: Scale mail        |    27 |    40 ||    67
       Skin              |       |     1 ||     1
Dodge: Dodged            |    29 |    51 ||    80
Block: Buckler           |    18 |    18 ||    36
